 Dungeon Sprint DCSS version 0.17-a0-1987-gaf5a542 (webtiles) character file.

279 Kidiri the Covert (level 6, -1/28 HPs)
             Began as a Spriggan Enchanter on Oct 6, 2015.
             Was an Initiate of Dithmenos.
             Slain by a spatial vortex (3 damage)
             ... in the Dungeon (Sprint III: "The Ten Rune Challenge").
             The game lasted 00:02:59 (598 turns).

Kidiri the Covert (Spriggan Enchanter)               Turns: 598, Time: 00:03:00

Health: -1/28      AC:  4    Str:  4    XL:     6   Next: 5%
Magic:  3/16       EV: 24    Int: 17    God:    Dithmenos [......]
Gold:   14         SH:  0    Dex: 18    Spells: 5 memorised, 6 levels left

rFire  . . .     SeeInvis +     a - +1 dagger
rCold  . . .     Clarity  .     b - +1 robe
rNeg   . . .     SustAt   .     (shield restricted)
rPois  .         Gourm    .     (helmet restricted)
rElec  .         Spirit   .     m - +0 cloak
rCorr  .         Warding  .     (gloves unavailable)
rMut   .         NoTele   +     (boots unavailable)
MR     +....                    (no amulet)
Stlth  +++++.....               (no ring)
                                (no ring)

@: very slightly contaminated, very quick, somewhat resistant to hostile
enchantments, quite stealthy
A: unfitting armour, see invisible, herbivore 3, speed 3, slow metabolism 2
a: Renounce Religion


You were in the Dungeon.
You worshipped Dithmenos.
Dithmenos was noncommittal.
You were not hungry.

You visited 1 branch You collected 14 gold pieces.

Inventory:

Hand Weapons
 a - a +1 dagger (weapon)
Armour
 b - a +1 robe (worn)
 m - a +0 cloak (worn)
Scrolls
 j - a scroll of blinking
 k - a scroll of enchant weapon {unknown}
 o - a scroll of torment
 p - a scroll of identify {unknown}
 q - a scroll of recharging {unknown}
 u - a scroll of random uselessness {unknown}
 v - 2 scrolls of remove curse
Potions
 e - a potion of curing
 g - a potion of haste
 h - 2 potions of magic
 t - a potion of cure mutation
 w - a potion of degeneration
Books
 c - a book of Maledictions

   Spells                             Type                      Level
   a - Corona                         Hexes                        1
   b - Ensorcelled Hibernation        Hexes/Ice                    2
   c - Confuse                        Hexes                        3
   d - Tukima's Dance                 Hexes                        3
   e - Dazzling Spray                 Conjuration/Hexes            3
Comestibles
 d - a bread ration
 f - a royal jelly
 r - 4 fruits


   Skills:
 * Level 5.8 Short Blades
 + Level 2.6 Armour
 * Level 7.9 Dodging
 * Level 9.2 Stealth
 * Level 6.9 Spellcasting
 + Level 2.1 Conjurations
 + Level 5.6 Hexes
 + Level 2.3 Ice Magic
 + Level 0.0 Invocations


You had 6 spell levels left.
You knew the following spells:

 Your Spells              Type           Power        Failure   Level  Hunger
a - Corona                Hex            ###....      1%          1    None
b - Ensorcelled Hibernat  Hex/Ice        ###...       3%          2    None
c - Confuse               Hex            ###.....     4%          3    ##.....
d - Tukima's Dance        Hex            ###.....     4%          3    ##.....
e - Dazzling Spray        Conj/Hex       ###.....     10%         3    ##.....


Dungeon Overview and Level Annotations

Branches:
Dungeon (1/1)

Altars:
Dithmenos
Gozag
Makhleb
Nemelex Xobeh
Qazlal
Ru
Xom
Jiyva
Lugonu


Innate Abilities, Weirdness & Mutations

You are tiny and cannot use many weapons and most armour.
You have supernaturally acute eyesight.
You are a herbivore.
You cover ground extremely quickly.
You need consume almost no food.


Message History

The spatial vortex is heavily damaged.
You hit the spatial vortex.
The spatial vortex is severely damaged.
You hit the spatial vortex.
The spatial vortex is severely damaged.
You barely miss the spatial vortex.
The spatial vortex is severely damaged.
There is a viscous altar of Jiyva here.
There is a sacrificial altar of Ru here.
You hit the spatial vortex but do no damage.
The spatial vortex is severely damaged.
You hit the spatial vortex.
The spatial vortex is severely damaged.
You hit the spatial vortex.
The spatial vortex is severely damaged.
The spatial vortex hits you!!
Ouch! That really hurt!
* * * LOW HITPOINT WARNING * * *
Space bends around you.
You die...

....#).#..#
#...#..#..###+#+###+##
##..##+#..#..........#
##..###...'.⌠........#
#..####...#...######'#
#..###....#.⌠.#__#...#
...##.....#...#__#...#
...#......#+###_v#...#
.##.#.....# #_@#...+
.#####....# #_.'...#
▓▓ ▓▓▓▓▓▓ ▓▓▓▓▓▓▓▓


You could see a spatial vortex.

Vanquished Creatures
  A shadow (D)
  A water elemental (D)
  Crazy Yiuf (D)
  A jelly (D)
  A human (D)
  An ooze (D)
  3 rats (D)
9 creatures vanquished.

Vanquished Creatures (others)
  2 draconian scorchers (D)
  2 yaktaurs (D)
  4 plants (D)
8 creatures vanquished.

Grand Total: 17 creatures vanquished

Notes
Turn   | Place    | Note
--------------------------------------------------------------
     0 | D        | Kidiri the Spriggan Enchanter began the quest for the Orb.
     0 | D        | Reached XP level 1. HP: 9/9 MP: 5/5
    28 | D        | Killed a yaktaur
    90 | D        | Noticed Crazy Yiuf
    93 | D        | Killed Crazy Yiuf
    93 | D        | Reached skill level 1 in Armour
    93 | D        | Reached skill level 6 in Stealth
    93 | D        | Reached XP level 2. HP: 13/13 MP: 8/8
    93 | D        | Reached XP level 3. HP: 16/16 MP: 9/9
   113 | D        | Learned a level 2 spell: Ensorcelled Hibernation
   117 | D        | Learned a level 3 spell: Confuse
   121 | D        | Learned a level 3 spell: Dazzling Spray
   138 | D        | Reached skill level 5 in Dodging
   166 | D        | Gained mutation: You can spit weak poison. [potion of mutation]
   166 | D        | Gained mutation: Your spells are a little harder to cast, but a little more powerful. [potion of mutation]
   166 | D        | Gained mutation: You can spit poison. [potion of mutation]
   167 | D        | Gained mutation: You are clumsy. (Dex -2) [potion of mutation]
   167 | D        | Gained mutation: You have a pair of small antennae on your head. [potion of mutation]
   197 | D        | Killed a yaktaur
   204 | D        | Killed a white draconian scorcher
   232 | D        | Killed a white draconian scorcher
   314 | D        | Noticed a water elemental
   342 | D        | Killed a water elemental
   342 | D        | Reached skill level 7 in Stealth
   342 | D        | Reached skill level 5 in Spellcasting
   342 | D        | Reached skill level 1 in Conjurations
   342 | D        | Reached skill level 1 in Ice Magic
   342 | D        | Reached XP level 4. HP: 21/21 MP: 2/12
   380 | D        | Learned a level 3 spell: Tukima's Dance
   423 | D        | Noticed a jelly
   424 | D        | Noticed a shadow
   465 | D        | HP: 1/21 [shadow (10)]
   467 | D        | Lost mutation: You are clumsy. (Dex -2) [potion of cure mutation]
   467 | D        | Lost mutation: Your spells are a little harder to cast, but a little more powerful. [potion of cure mutation]
   467 | D        | Lost mutation: You can spit poison. [potion of cure mutation]
   467 | D        | Lost mutation: You can spit weak poison. [potion of cure mutation]
   467 | D        | Lost mutation: You have a pair of small antennae on your head. [potion of cure mutation]
   474 | D        | Killed a shadow
   474 | D        | Reached skill level 5 in Short Blades
   474 | D        | Reached skill level 9 in Stealth
   474 | D        | Reached skill level 5 in Hexes
   474 | D        | Reached XP level 5. HP: 24/24 MP: 6/15
   569 | D        | Killed a jelly
   569 | D        | Reached XP level 6. HP: 28/28 MP: 16/16
   575 | D        | Found a stormy altar of Qazlal.
   576 | D        | Found a sacrificial altar of Ru.
   576 | D        | Found a burning altar of Makhleb.
   576 | D        | Found a viscous altar of Jiyva.
   576 | D        | Found a shimmering altar of Xom.
   576 | D        | Found a shadowy altar of Dithmenos.
   576 | D        | Found a sparkling altar of Nemelex Xobeh.
   576 | D        | Found a corrupted altar of Lugonu.
   576 | D        | Found an opulent altar of Gozag.
   576 | D        | Noticed a spatial vortex
   580 | D        | Became a worshipper of Dithmenos the Shadowed
   598 | D        | Slain by a spatial vortex

Vault maps used:
D:        dungeon_sprint_mu

Action                   |  1- 3 |  4- 6 || total
-------------------------+-------+-------++-------
Melee: Dagger            |    12 |    18 ||    30
 Cast: Ensorcelled Hiber |     1 |       ||     1
       Dazzling Spray    |       |     4 ||     4
  Use: Potion            |     3 |     4 ||     7
       Scroll            |     1 |       ||     1
 Stab: Sleeping          |     3 |     1 ||     4
